 Dungeon Crawl Stone Soup version 0.20-a0-1122-gb7cbeb9 (webtiles) character file.

43 nikopol the Skirmisher (level 3, 15/23 HPs)
             Began as a Gargoyle Berserker on May 14, 2017.
             Was a Believer of Trog.
             Quit the game on level 2 of the Dungeon.
             The game lasted 00:02:21 (1113 turns).

nikopol the Skirmisher (Gargoyle Berserker)         Turns: 1113, Time: 00:02:22

Health: 15/23      AC:  6    Str: 20    XL:     3   Next: 58%
Magic:  3/3        EV: 12    Int:  7    God:    Trog [**....]
Gold:   95         SH:  0    Dex: 10    Spells: 2/2 levels left

rFire    . . .     SeeInvis .   o - -3 trident (curse)
rCold    . . .     Gourm    .   (no shield)
rNeg     + . .     Faith    .   b - +0 animal skin
rPois    ∞         Spirit   .   m - +0 helmet
rElec    +         Reflect  .   (no cloak)
rCorr    .         Harm     .   (no gloves)
MR       .....                  (no boots)
Stlth    +.........             (no amulet)
Regen    0.1/turn               (no ring)
MPRegen  0.1/turn               (no ring)

@: no status effects
A: negative energy resistance 1, electricity resistance, unbreathing,
petrification resistance, rot immunity, AC +3
a: Berserk, Trog's Hand, Burn Spellbooks, Renounce Religion


You were on level 2 of the Dungeon.
You worshipped Trog.
Trog was pleased with you.
You were not hungry.

You visited 1 branch of the dungeon, and saw 2 of its levels.

You collected 95 gold pieces.

Inventory:

Hand Weapons
 a - a +0 hand axe
 o - a cursed -3 trident (weapon)
Armour
 b - a +0 animal skin (worn)
 m - a +0 helmet (worn)
Jewellery
 d - an uncursed ring of stealth {unknown}
 h - an uncursed amulet of magic regeneration {unknown}
Scrolls
 e - a scroll of enchant armour {unknown}
 j - a scroll of amnesia {unknown}
 n - a scroll of identify {unknown}
Potions
 g - 2 potions of curing {unknown}
 k - 2 potions of ambrosia {unknown}
 l - a potion of resistance {unknown}
Comestibles
 c - 2 bread rations
 f - 4 chunks of flesh
 i - a meat ration


   Skills:
 + Level 3.4 Fighting
 + Level 3.3 Axes
 + Level 2.6 Armour
 + Level 2.1 Dodging


You had 2 spell levels left.
You didn't know any spells.

Dungeon Overview and Level Annotations

Branches:
Dungeon (2/15)

Altars:


Innate Abilities, Weirdness & Mutations

You are resistant to torment.
Your stone body is resilient. (AC +3)
You are immune to poison.
You resist negative energy. (rN+)
You are resistant to electric shocks. (rElec)
You can survive without breathing.
You are immune to petrification.
You are immune to rotting.


Message History

No target in view!
No target in view!
No target in view!
No target in view!
No target in view!
No target in view!
No target in view!
No target in view!
No target in view!
No target in view!
No target in view!
No target in view!
No target in view!
n - a scroll labeled YBOIKL MOIDIO You see here a glowing trident.
o - a glowing trident Wield which item (- for none, * to show all)? (? for menu, Esc to quit)
It sticks to your hand!
o - a cursed -3 trident (weapon)
Are you sure you want to abandon this character and quit the game? (Confirm with "yes".)

##############
.............######
#.................#
#.................#
#...............@.#
#...................+
#.........##......###
..........).#...#...+
.........############
....................
.........#...#...#..
....##+#............
####.....#...#...#..


There were no monsters in sight!

Vanquished Creatures
  An adder (D:2)
  2 worms (D:2)
  A dart slug (D:2)
  2 giant cockroaches (D:1)
  5 goblins
  3 hobgoblins
  2 jackals (D:1)
  A ball python (D:1)
  2 bats (D:2)
  4 frilled lizards
  3 kobolds
  A rat (D:1)
27 creatures vanquished.

Notes
Turn   | Place    | Note
-------+----------+-------------------------------------------
     0 | D:1      | nikopol the Gargoyle Berserker began the quest for the Orb.
     0 | D:1      | Reached XP level 1. HP: 14/14 MP: 1/1
   191 | D:1      | Reached XP level 2. HP: 15/19 MP: 2/2
   842 | D:2      | Reached XP level 3. HP: 16/23 MP: 3/3
  1085 | D:2      | Reached ** piety under Trog
  1113 | D:2      | Quit the game

Vault maps used:
D:1:      scummos_arrival_star
D:2:      minmay_diamond_boxcup, lemuel_coloured_pillars_altar,
          lemuel_round_altar, first_bread, nemelex_altar_shiori

Skill      XL: |  1  2 |
---------------+-------+-----
Axes           | 3 |  3.3
Dodging        | 2 |  2.1
Fighting       | |  3.4
Armour         | |  2.6

Action                   || total
-------------------------++-------
Melee: Hand axe          ||    91
Invok: Berserk           ||     1
  Eat: Chunk             ||     2
Armor: Animal skin       ||    27
Dodge: Dodged            ||    65
